 Dungeon Crawl Stone Soup version 0.18.1-48-g4cf74bf (webtiles) character file.

112 Doomgape the Caller (level 4, 0/30 HPs)
             Began as a Mummy Summoner on July 5, 2016.
             Slain by an adder (5 damage)
             ... on level 4 of the Dungeon.
             The game lasted 00:23:29 (4399 turns).

Doomgape the Caller (Mummy Summoner)                Turns: 4399, Time: 00:23:30

Health: 0/30       AC:  3    Str: 11    XL:     4   Next: 63%
Magic:  3/7        EV: 12    Int: 21    God:
Gold:   107        SH:  0    Dex: 12    Spells: 2 memorised, 3 levels left

rFire  x . .     SeeInvis .     f - +1 club
rCold  + . .     Gourm    .     a - +0 robe
rNeg   + + +     Faith    .     (no shield)
rPois  ∞         Spirit   .     d - +0 helmet (curse)
rElec  .         Dismiss  .     (no cloak)
rCorr  .         Reflect  .     (no gloves)
SustAt .         Harm     .     (no boots)
MR     .....                    (no amulet)
Stlth  ++........               c - +6 ring of intelligence
                                e - ring of wizardry

@: not resistant to hostile enchantments, unstealthy
A: no food or potions, fire vulnerability, cold resistance 1, negative energy
resistance 3, torment resistance, unbreathing
a: no special abilities


You were on level 4 of the Dungeon.
You were not hungry.

You visited 1 branch of the dungeon, and saw 4 of its levels.

You collected 107 gold pieces.

Inventory:

Hand Weapons
 f - a +1 club (weapon)
 i - a +1 vampiric war axe
Armour
 a - a +0 robe (worn)
 d - a cursed +0 helmet (worn)
 j - a +0 shield
Jewellery
 c - a +6 ring of intelligence (right hand)
 e - a ring of wizardry (left hand)
Wands
 h - a wand of slowing (23/48)
Scrolls
 g - a scroll of remove curse
 k - a scroll of enchant weapon
 l - 5 scrolls of identify
Books
 b - a book of Callings

   Spells                             Type                      Level
   a - Summon Small Mammal            Summoning                    1
   b - Call Imp                       Summoning                    2
   c - Call Canine Familiar           Summoning                    3
   d - Summon Guardian Golem          Hexes/Summoning              3
   e - Summon Lightning Spire         Summoning/Air                4
   f - Summon Ice Beast               Ice/Summoning                4


   Skills:
 - Level 1.5 Dodging
 - Level 1.5 Stealth
 - Level 2.0 Spellcasting
 + Level 5.0 Summonings


You had 3 spell levels left.
You knew the following spells:

 Your Spells              Type           Power        Failure   Level  Hunger
a - Summon Small Mammal   Summ           ###.         1%          1    N/A
b - Summon Guardian Gole  Hex/Summ       ##......     7%          3    N/A

Dungeon Overview and Level Annotations

Branches:
Dungeon (4/15)
 Temple: D:4-7

Altars:
Ashenzari
Okawaru
Ru
Vehumet


Innate Abilities, Weirdness & Mutations

You do not eat or drink.
Your flesh is vulnerable to fire.
You are immune to poison.
Your flesh is cold resistant.
You are immune to negative energy.
You are immune to unholy pain and torment.
You can survive without breathing.


Message History

You see here 12 sling bullets.
Found a robe.
Found 8 tomahawks of returning.
You see here a robe.
An adder comes into view.
You see here 8 tomahawks of returning.
The adder bites you but does no damage. The adder bites you.
* * * LOW HITPOINT WARNING * * *
Your quokka disappears in a puff of smoke!
Casting: Summon Small Mammal
Confirm with . or Enter, or press ? or * to list all spells.
The adder bites you.
* * * LOW HITPOINT WARNING * * *
Casting: Summon Small Mammal
Confirm with . or Enter, or press ? or * to list all spells.
The adder bites you.
* * * LOW HITPOINT WARNING * * *
Your quokka bites the adder.
The adder bites you.
You die...

#..........#
#.##.#####.# #
#.##.##### #
#.##.....# # #.
#.######.# ...
#.######.#..###
#r(....[........
#######S#.###.##..####
.......@r.# #.# ..#
#######.### #.# .# #..
... .. #### #.# ## #..
###


You could see an adder and 2 friendly quokkas.

Vanquished Creatures
  An adder (D:2)
  2 orcs (D:3)
  A goblin (D:2)
  2 hobgoblins (D:2)
  3 jackals (D:2)
  A bat (D:3)
  A rat (D:1)
11 creatures vanquished.

Vanquished Creatures (collateral kills)
  An orc priest (D:3)
  3 adders
  6 worms
  2 dart slugs
  9 orcs (D:3)
  A ball python (D:2)
  4 bats
  4 giant cockroaches
  6 goblins
  7 hobgoblins
  5 jackals
  A quokka (D:3)
  7 giant newts
  7 kobolds
  10 rats
73 creatures vanquished.

Grand Total: 84 creatures vanquished

Notes
Turn   | Place    | Note
--------------------------------------------------------------
     0 | D:1      | Doomgape the Mummy Summoner began the quest for the Orb.
     0 | D:1      | Reached XP level 1. HP: 13/13 MP: 3/3
   859 | D:1      | Reached XP level 2. HP: 19/19 MP: 0/5
  1081 | D:2      | Found a shattered altar of Ashenzari.
  1474 | D:2      | Reached skill level 4 in Summonings
  1833 | D:2      | Found a sacrificial altar of Ru.
  1992 | D:2      | Found a radiant altar of Vehumet.
  2123 | D:2      | Reached XP level 3. HP: 17/24 MP: 2/6
  2168 | D:2      | Learned a level 3 spell: Summon Guardian Golem
  2270 | D:2      | Found an iron altar of Okawaru.
  3258 | D:3      | Reached XP level 4. HP: 28/30 MP: 0/7
  4106 | D:3      | Reached skill level 5 in Summonings
  4399 | D:4      | Slain by an adder

Skill      XL: |  1  2  3  4 |
---------------+-------------+-----
Summonings     | 4 5 |  5.0
Dodging        | |  1.5
Stealth        | |  1.5
Spellcasting   | |  2.0

Action                   |  1- 3 |  4- 6 || total
-------------------------+-------+-------++-------
Melee: Unarmed           |    20 |       ||    20
       Club              |    22 |    29 ||    51
 Cast: Summon Small Mamm |   144 |    65 ||   209
       Summon Guardian G |     2 |     1 ||     3
  Use: Scroll            |     7 |       ||     7
 Stab: Sleeping          |     1 |       ||     1
       Distracted        |     1 |     1 ||     2
Armor: Robe              |    30 |    17 ||    47
Dodge: Dodged            |   108 |    52 ||   160
